 Dungeon Crawl Stone Soup version 0.30-a0-1082-g70414cbcbb (webtiles) character file.

Game seed: 11807957511056519313

32 CryoSword the Firebug (level 2, -2/20 HPs)
             Began as a Demigod Fire Elementalist on Apr 14, 2023.
             Slain by an adder (3 damage)
             ... on level 2 of the Dungeon.
             The game lasted 00:01:22 (1196 turns).

CryoSword the Firebug (Demigod Fire Elementalist)   Turns: 1196, Time: 00:01:23

Health: -2/20      AC:  2    Str:  9    XL:     2   Next: 93%
Magic:  0/7        EV: 12    Int: 17    God:
Gold:   57         SH:  0    Dex: 14    Spells: 1/4 levels left

rFire   + . .      SeeInvis .    w - +0 flail
rCold   x . .      Faith    .    (no shield)
rNeg    . . .      Spirit   .    a - +0 robe
rPois   .          Reflect  .    (no helmet)
rElec   .          Rampage  .    (no cloak)
rCorr   .                        (no gloves)
Will    .....                    (no boots)
Stlth   ++                       (no amulet)
HPRegen 0.23/turn                e - ring of fire
MPRegen 0.10/turn                (no ring)

@: studying Ranged Weapons
A: high MP 1, forlorn, divine attributes
a: no special abilities


You were on level 2 of the Dungeon.
You visited 1 branch of the dungeon, and saw 2 of its levels.

You collected 57 gold pieces.

Inventory:

Hand Weapons
 w - a +0 flail (weapon)
   (You took it off a hobgoblin on level 1 of the Dungeon)
Armour
 a - a +0 robe (worn)
Jewellery
 e - a ring of fire (left hand)
   (You found it on level 1 of the Dungeon)
 f - a ring of fire
   (You found it on level 1 of the Dungeon)
Scrolls
 d - a scroll of fear {unknown}
 h - 2 scrolls of identify {unknown}
Potions
 b - a potion of magic
 c - 2 potions of might {unknown}
 g - a potion of attraction {unknown}


   Skills:
 + Level 0.7 Maces & Flails
 - Level 1.7 Dodging
 - Level 1.7 Stealth
 - Level 1.7 Spellcasting
 + Level 1.9 Conjurations
 + Level 3.2 Fire Magic


You had one spell level left.
You knew the following spells:

 Your Spells              Type           Power      Damage    Failure   Level
a - Foxfire               Conj/Fire      60%        2x1d7     7%          1
b - Scorch                Fire           36%        2d6       8%          2

Your spell library contained the following spells:

 Spells                   Type           Power      Damage    Failure   Level
 Inner Flame              Hex/Fire       10%        N/A       30%         3
 Volatile Blastmotes      Fire/Tloc      20%        2d11      30%         3
 Flame Wave               Conj/Fire      15%        2d7       56%         4


Dungeon Overview and Level Annotations

Branches:
Dungeon (2/15)


Innate Abilities, Weirdness & Mutations

You have an increased reservoir of magic. (+10% MP)
You shall have no god before yourself.
Your divine heritage dramatically boosts your attributes as you level up.


Message History

You now have 23 gold pieces (gained 3).
You see here a +0 hand axe.
h - a scroll labelled YJUIJYXZ XAVAE A kobold comes into view.
It is wielding a +0 dagger.
A kobold is nearby!
A kobold is nearby!
The kobold shouts!
You feel a surge of power!
You conjure some foxfire!
You feel a surge of power!
Flames lash the kobold.
The kobold's fire resistance burns away.
The foxfire hits the kobold.
The kobold is burned terribly!
You kill the kobold!
Things that are here:
a +0 dagger; a kobold corpse
Things that are here:
a +0 dagger; a kobold corpse
There is a stone staircase leading down here.
Key pressed, stopping explore.
A rat comes into view.
A rat is nearby!
A rat is nearby!
An endoplasm comes into view.
You feel a surge of power!
You conjure some foxfire!
You feel a surge of power!
Flames lash the endoplasm.
You kill the endoplasm!
You hear a shout! x2
The foxfire hits the rat.
You kill the rat!
A goblin comes into view. It is wielding a +0 dagger.
A goblin is nearby!
A goblin is nearby!
An endoplasm comes into view.
You feel a surge of power!
Flames lash the goblin.
You kill the goblin!
The endoplasm quivers.
You see here a +0 dagger.
You feel a surge of power!
You conjure some foxfire!
You don't have enough magic to cast this spell.
You feel a surge of power!
You conjure some foxfire!
The foxfire hits the endoplasm. x2
You kill the endoplasm!
A hobgoblin comes into view.
Found 16 gold pieces.
The hobgoblin shouts!
The hobgoblin moves out of view.
A hobgoblin is nearby!
A hobgoblin is nearby!
You feel a surge of power!
Flames lash the hobgoblin.
The hobgoblin's fire resistance burns away.
You feel a surge of power!
You conjure some foxfire!
The hobgoblin hits you but does no damage.
A hobgoblin is nearby!
You barely miss the hobgoblin.
The foxfire hits the hobgoblin.
You kill the hobgoblin!
You now have 39 gold pieces (gained 16).
You now have 57 gold pieces (gained 18).
There is a shaft here.
You pick up a manual of Ranged Weapons {!d} and begin studying.
You see here 8 stones.
A dart slug comes into view.
A dart slug is nearby!
A dart slug is nearby!
A dart slug is nearby!
You feel a surge of power!
Flames lash the dart slug.
You kill the dart slug!
You can't see any susceptible monsters within range! (Use Z to cast anyway.)
There is a dry fountain here.
Done exploring.
Done exploring.
Done exploring.
Done exploring.
There is a stone staircase leading down here.
You climb downwards.
There is a stone staircase leading up here.
A kobold comes into view. It is wielding a +0 club.
A kobold is nearby!
A kobold is nearby!
A kobold is nearby!
You feel a surge of power!
Flames lash the kobold.
You kill the kobold!
A worm comes into view.
A worm is nearby!
A worm is nearby!
You feel a surge of power!
Flames lash the worm.
The worm's fire resistance burns away.
You feel a surge of power!
Flames lash the worm.
The worm is burned terribly!
You don't have enough magic to cast this spell.
You hit the worm. You hit the worm but do no damage.
The worm barely misses you.
You feel a surge of power!
You miscast Scorch.
You are very lightly contaminated with residual magic.
Nothing appears to happen.
The worm closely misses you.
You sock the worm!
You kill the worm!
Your magical contamination has completely faded away.
Things that are here:
a +0 club; 2 stones
h - 2 scrolls labelled YJUIJYXZ XAVAE (gained 1)
A goblin comes into view. It is wielding a +0 club.
A goblin is nearby!
A goblin is nearby!
A goblin is nearby!
A goblin is nearby!
The helpless goblin fails to defend itself.
You hit the goblin.
You kill the goblin!
You can't see any susceptible monsters within range! (Use Z to cast anyway.)
Things that are here:
a +0 club; a goblin corpse An endoplasm and an adder come into view.
The endoplasm quivers.
There are monsters nearby!
There are monsters nearby!
There are monsters nearby!
The adder hisses angrily.
The endoplasm freezes you.
You are frozen!
You feel a terrible chill!
You feel a surge of power!
You miscast Scorch.
You are very lightly contaminated with residual magic.
Nothing appears to happen.
The endoplasm freezes you.
You are frozen.
You feel a terrible chill!
* * * LOW HITPOINT WARNING * * *
You feel a surge of power!
You conjure some foxfire!
The endoplasm freezes you.
You are frozen.
You feel a terrible chill!
* * * LOW HITPOINT WARNING * * *
The endoplasm attacks as you move away! The endoplasm barely misses you.
You feel a surge of power!
Flames lash the endoplasm.
The endoplasm's fire resistance burns away.
The endoplasm hits you.
* * * LOW HITPOINT WARNING * * *
You feel a surge of power!
Flames lash the adder.
The adder's fire resistance burns away.
The endoplasm hits you.
* * * LOW HITPOINT WARNING * * *
Your magical contamination has completely faded away.
You don't have enough magic to cast this spell.
You hit the endoplasm.
You kill the endoplasm!
The adder bites you.
* * * LOW HITPOINT WARNING * * *
You barely miss the adder.
The adder is no longer more vulnerable to fire.
The adder bites you.
You die...

#.# #.# #.#
#.# #.# #.#
#.#
#.###########
#.......).@.#
###########S#
#.# #.# #.#
#.# #.. #..
#...


You could see an adder.

Vanquished Creatures
  A worm (D:2)
  A dart slug (D:1)
  4 endoplasms
  A giant cockroach (D:1)
  3 goblins
  5 hobgoblins (D:1)
  2 kobolds
  A quokka (D:1)
  2 bats (D:1)
  3 rats (D:1)
23 creatures vanquished.

Vanquished Creatures (others)
  42 foxfires (D:1)
42 creatures vanquished.

Grand Total: 65 creatures vanquished

Notes
Turn   | Place    | Note
-------+----------+-------------------------------------------
     0 | D:1      | CryoSword the Demigod Fire Elementalist began the quest for
                  | the Orb.
     0 | D:1      | Reached XP level 1. HP: 14/14 MP: 5/5
    65 | D:1      | Reached skill level 1 in Conjurations
   310 | D:1      | Reached skill level 3 in Fire Magic
   337 | D:1      | Reached XP level 2. HP: 20/20 MP: 2/7
   350 | D:1      | Learned a level 2 spell: Scorch
  1195 | D:2      | HP: 1/20 [adder (2)]
  1196 | D:2      | Slain by an adder

Illustrated notes

Levels and vault maps discovered:
D:1:      eino_arrival_cavern_a, layout_loops_ring
D:2:      layout_basic, chequers_ecumenical_altar_simple

Skill      XL: |  1 |
---------------+----+-----
Conjurations   | 1 |  1.9
Fire Magic     | 3 |  3.2
Maces & Flails | |  0.7
Dodging        | |  1.7
Stealth        | |  1.7
Spellcasting   | |  1.7

Action                     || total
---------------------------++-------
  Melee: Unarmed           ||     3
         Dagger            ||     1
         Flail             ||     7
   Cast: Foxfire           ||    25
         Scorch            ||    11
   Stab: Sleeping          ||     1
 Armour: Robe              ||     4
  Dodge: Dodged            ||     8

Table legend: (Time is in decaauts)
 A = Elapsed time spent in this place.
 B = Non-inter-level travel time spent in this place.
 C = Inter-level travel time spent in this place.
 D = Time resting spent in this place.
 E = Time spent auto-exploring this place.
 F = Levels seen in this place.
 G = Mean time per level.
                   A        B        C        D        E       F      G
               +--------+--------+--------+--------+--------+-----+--------+
         Total |   1196 |   1162 |     34 |      0 |   1001 |   2 |  598.0 |
       Dungeon |   1196 |   1162 |     34 |      0 |   1001 |   2 |  598.0 |
               +--------+--------+--------+--------+--------+-----+--------+

Top non-repeatable levels by time:
     D:1: 1034 daAuts
     D:2: 161 daAuts
